 Dungeon Crawl Stone Soup version 0.30-a0-161-gdd60e06945 (webtiles) character file.

Game seed: 3309822449729227294

768 qw the Chopper (level 7, 0/44 HPs)
             Began as a Gargoyle Fighter on Sept 27, 2022.
             Was an Initiate of Okawaru.
             Slain by a shadow (13 damage)
             ... on level 6 of the Dungeon.
             The game lasted 00:01:39 (5418 turns).

qw the Chopper (Gargoyle Fighter)                   Turns: 5418, Time: 00:01:39

Health: 0/44       AC: 13    Str: 22    XL:     7   Next: 82%
Magic:  7/7        EV:  9    Int:  8    God:    Okawaru [......]
Gold:   55         SH:  4    Dex:  9    Spells: 6/6 levels left

rFire   . . .      SeeInvis .    Y - +1 war axe (chaos)
rCold   . . .      Faith    .    c - +0 buckler
rNeg    + . .      Spirit   .    b - +0 scale mail
rPois   inf        Reflect  .    i - +1 helmet
rElec   +          Harm     .    (no cloak)
rCorr   .          Rampage  .    (no gloves)
Will    .....                    (no boots)
Stlth   ..........               (no amulet)
HPRegen 0.14/turn                (no ring)
MPRegen 0.10/turn                (no ring)

@: no status effects
A: sickness immunity, AC +4, negative energy resistance 1, electricity
resistance, torment resistance 1, petrification resistance
a: Renounce Religion


You were on level 6 of the Dungeon.
You worshipped Okawaru.
Okawaru was noncommittal.
You visited 2 branches of the dungeon, and saw 7 of its levels.

You collected 415 gold pieces.
You spent 360 gold pieces at shops.


Innate Abilities, Weirdness & Mutations

You are immune to sickness and miasma.
Your stone body is resilient. (AC +4)
You are immune to poison.
You resist negative energy. (rN+)
You are resistant to electric shocks. (rElec)
You are resistant to unholy torment.
You are immune to petrification.


   Skills:
 + Level 4.3 Fighting
 - Level 7.2 Axes
 - Level 3.2 Armour
 - Level 1.7 Dodging
 - Level 3.2 Shields


You had 6 spell levels left.
You didn't know any spells.
Your spell library was empty.

Inventory:

Hand Weapons
 k - a +0 flail
 Y - a +1 war axe of chaos (weapon)
Armour
 b - a +0 scale mail (worn)
 c - a +0 buckler (worn)
 h - the +3 leather armour of Faunolo {rC+}
   (You found it on level 5 of the Dungeon)

   rC:        It protects you from cold.
 i - a +1 helmet (worn)
Scrolls
 l - a scroll of teleportation
Potions
 a - 4 potions of lignification
 d - a potion of might
 e - 2 potions of attraction
 f - a potion of ambrosia {unknown}
 g - a potion of degeneration {unknown}
 j - 2 potions of haste
 n - 2 potions of curing
 p - 3 potions of heal wounds

Dungeon Overview and Level Annotations

Branches:
Dungeon (6/15)             Temple (1/1) D:6

Altars:
Ashenzari
Dithmenos
Fedhas
Gozag
Nemelex Xobeh
Okawaru
Qazlal
Ru
Trog
Uskayaw
Wu Jian
Xom
Yredelemnul
The Shining One

Shops:
D:5 !


Message History

Found a robe.
There is an open door here.
You open the door.
There is an open door here.
A shadow comes into view.
Enter note: You hit the shadow.
You burn the shadow.
The shadow is lightly damaged.
The shadow hits you.
You closely miss the shadow.
The shadow is lightly damaged.
The shadow hits you.
You hit the shadow.
The shadow is lightly damaged.
The shadow slips into darkness.
The shadow flickers and vanishes!
Deactivating autopickup; reactivate with Ctrl-A.
You miss something.
The shadow strikes at you from the darkness!
Reactivating autopickup.
You block the shadow's attack.
You closely miss the shadow.
The shadow is lightly damaged.
The shadow hits you.
You slash the shadow!
The shadow is heavily damaged.
The shadow hits you.
You hit the shadow but do no damage.
The shadow flickers and vanishes!
Deactivating autopickup; reactivate with Ctrl-A.
The shadow strikes at you from the darkness!
Ouch! That really hurt!
Reactivating autopickup.
You hit the shadow but do no damage.
The shadow is heavily damaged.
The shadow slips into darkness.
The shadow flickers and vanishes!
Deactivating autopickup; reactivate with Ctrl-A.
You miss something.
The shadow strikes at you from the darkness!
You die...

#.........###.....
#.......## #.#...
##.....#######8.8
##...##......... ##'##
..0...... #.# ..0......
####.# .........
##.#####.##.## ..0......
......{@.....##0........
##.#####......#00.......
#.#...##.........
#......#0.0......
####.###......... #.#
......... #.# 0........
#.# .0....... #.#
.........


There were no monsters in sight!

Vanquished Creatures
  A black bear (D:5)
  An ogre (D:4)
  5 scorpions
  A jelly (D:4)
  A hound (D:4)
  An orc priest (D:5)
  2 iguanas (D:4)
  5 adders
  An ufetubus (D:2)
  4 worms
  3 dart slugs
  3 orcs
  5 bats
  5 endoplasms
  5 giant cockroaches
  6 goblins
  7 hobgoblins
  4 jackals (D:2)
  6 quokkas
  10 ball pythons
  8 frilled lizards
  8 kobolds
  7 rats
99 creatures vanquished.

Notes
Turn   | Place    | Note
-------+----------+-------------------------------------------
     0 | D:1      | qw the Gargoyle Fighter began the quest for the Orb.
     0 | D:1      | Reached XP level 1. HP: 14/14 MP: 1/1
     0 | D:1      | 0 ||| qw: Version: 0.2-a-10-g37ed214
     0 | D:1      | 0 ||| qw: Game counter: 683
     0 | D:1      | 0 ||| qw: Always use a shield: true
     0 | D:1      | 0 ||| qw: God list: Okawaru
     0 | D:1      | 0 ||| qw: Allow faded altars: false
     0 | D:1      | 0 ||| qw: Do Orc after D:15 true
     0 | D:1      | 0 ||| qw: Do second Lair branch before Depths: true
     0 | D:1      | 0 ||| qw: Lair rune preference: random
     0 | D:1      | 0 ||| qw: Plans: Normal, Zot:1-4, God:TSO, Crypt, Tomb,
                  | Pan, Slime:5, Hells, Abyss, Orb
     0 | D:1      | 0 ||| PLANNING D:1-11
    17 | D:1      | 17 ||| Stepping ~*~*~tactically~*~*~ (stealth).
    25 | D:1      | Reached skill level 2 in Axes
   187 | D:1      | 187 ||| Stepping ~*~*~tactically~*~*~ (stealth).
   191 | D:1      | 191 ||| Stepping ~*~*~tactically~*~*~ (stealth).
   239 | D:1      | Reached XP level 2. HP: 8/19 MP: 2/2
   582 | D:1      | Reached skill level 3 in Axes
   816 | D:1      | Reached XP level 3. HP: 23/23 MP: 3/3
   834 | D:1      | 834 ||| Stepping ~*~*~tactically~*~*~ (stealth).
   836 | D:1      | 836 ||| Stepping ~*~*~tactically~*~*~ (stealth).
   838 | D:1      | 838 ||| Stepping ~*~*~tactically~*~*~ (stealth).
   995 | D:1      | 995 ||| UPGRADING to +0 helmet.
  1000 | D:1      | 1000 ||| READING scroll labelled AXTOFUY TAPU.
  1101 | D:1      | 1101 ||| READING 3 scrolls labelled YMOCWIOMAI.
  1102 | D:1      | 1102 ||| READING scroll labelled ITTAL FACSABB.
  1103 | D:1      | 1103 ||| DROPPING 2 scrolls of immolation.
  1234 | D:2      | 1234 ||| Stepping ~*~*~tactically~*~*~ (stealth).
  1436 | D:2      | Reached XP level 4. HP: 27/28 MP: 4/4
  1516 | D:2      | Reached skill level 4 in Axes
  1634 | D:2      | 1634 ||| Stepping ~*~*~tactically~*~*~ (hiding).
  2008 | D:2      | 2008 ||| DROPPING +0 whip.
  2012 | D:2      | 2012 ||| DROPPING orb of mayhem.
  2013 | D:2      | 2013 ||| READING scroll labelled IVOLERADOO.
  2014 | D:2      | 2014 ||| READING 3 scrolls labelled HOAQARE LENO.
  2015 | D:2      | 2015 ||| READING scroll labelled GECWONL LAZELE.
  2020 | D:2      | 2020 ||| READING scroll labelled BAPRYO LYJYU.
  2021 | D:2      | 2021 ||| READING scroll labelled MIRCHO KE WUW.
  2022 | D:2      | 2022 ||| DRINKING 2 pink potions.
  2127 | D:2      | 2127 ||| DRINKING 2 bubbling dark potions.
  2128 | D:2      | 2128 ||| DROPPING potion of berserk rage.
  2129 | D:2      | 2129 ||| DROPPING 2 scrolls of noise.
  2255 | D:3      | 2255 ||| FLEEEEING.
  2256 | D:3      | 2256 ||| FLEEEEING.
  2257 | D:3      | 2257 ||| FLEEEEING.
  2258 | D:3      | 2258 ||| FLEEEEING.
  2259 | D:3      | 2259 ||| FLEEEEING.
  2260 | D:3      | 2260 ||| FLEEEEING.
  2261 | D:3      | 2261 ||| FLEEEEING.
  2262 | D:3      | 2262 ||| FLEEEEING.
  2263 | D:3      | 2263 ||| FLEEEEING.
  2264 | D:3      | 2264 ||| FLEEEEING.
  2265 | D:3      | 2265 ||| FLEEEEING.
  2266 | D:3      | 2266 ||| FLEEEEING.
  2267 | D:3      | 2267 ||| FLEEEEING.
  2268 | D:3      | 2268 ||| FLEEEEING.
  2543 | D:3      | 2543 ||| Stepping ~*~*~tactically~*~*~ (hiding).
  2643 | D:3      | Found an opulent altar of Gozag.
  2654 | D:3      | Reached XP level 5. HP: 32/32 MP: 5/5
  2669 | D:3      | Found a bloodstained altar of Trog.
  2855 | D:3      | Found a sacrificial altar of Ru.
  2984 | D:3      | 2984 ||| READING scroll labelled JOIT ADOAGRY.
  3162 | D:4      | Reached skill level 5 in Axes
  3200 | D:4      | Reached XP level 6. HP: 20/39 MP: 6/6
  3342 | D:4      | 3342 ||| READING scroll of enchant armour.
  3342 | D:4      | 3342 ||| ENCHANTING +0 helmet.
  3393 | D:4      | HP: 9/39 [ogre/+0 giant club (19)]
  3396 | D:4      | Reached skill level 1 in Dodging
  3463 | D:4      | 3463 ||| Stepping ~*~*~tactically~*~*~ (stealth).
  4077 | D:4      | 4077 ||| Stepping ~*~*~tactically~*~*~ (stealth).
  4081 | D:4      | 4081 ||| Stepping ~*~*~tactically~*~*~ (stealth).
  4176 | D:4      | 4176 ||| DRINKING 3 murky puce potions.
  4209 | D:5      | Entered Level 5 of the Dungeon
  4212 | D:5      | Noticed a black bear
  4214 | D:5      | 4214 ||| Stepping ~*~*~tactically~*~*~ (stealth).
  4215 | D:5      | 4215 ||| Stepping ~*~*~tactically~*~*~ (stealth).
  4220 | D:5      | Killed a black bear
  4221 | D:5      | Reached skill level 6 in Axes
  4221 | D:5      | Reached XP level 7. HP: 44/44 MP: 7/7
  4317 | D:5      | Identified the +3 leather armour of Faunolo {rC+}
  4342 | D:5      | 4342 ||| DROPPING +1 whip of electrocution.
  4711 | D:5      | Found Leckofua's Distillery.
  4722 | D:5      | 4722 ||| BUYING 2 potions of heal wounds (150 gold).
  4722 | D:5      | Bought 2 potions of heal wounds for 150 gold pieces
  4722 | D:5      | 4722 ||| BUYING 2 potions of lignification (90 gold).
  4722 | D:5      | Bought 2 potions of lignification for 90 gold pieces
  4722 | D:5      | 4722 ||| BUYING potion of heal wounds (75 gold).
  4722 | D:5      | Bought a potion of heal wounds for 75 gold pieces
  4722 | D:5      | 4722 ||| SHOPLISTING potion of heal wounds (75 gold, have
                  | 46).
  4722 | D:5      | 4722 ||| BUYING potion of lignification (45 gold).
  4722 | D:5      | Bought a potion of lignification for 45 gold pieces
  4722 | D:5      | 4722 ||| SHOPLISTING potion of lignification (45 gold, have
                  | 1).
  4722 | D:5      | 4722 ||| SHOPLISTING potion of mutation (120 gold, have 1).
  4882 | D:5      | Reached skill level 7 in Axes
  4926 | D:5      | 4926 ||| READING scroll labelled JON VATHRALIMA.
  4927 | D:5      | 4927 ||| READING scroll labelled SIWE FASUADI.
  4928 | D:5      | 4928 ||| READING scroll labelled ZIERU VONGAFEU.
  4929 | D:5      | 4929 ||| DRINKING 3 dark potions.
  5173 | D:6      | Found a staircase to the Ecumenical Temple.
  5174 | D:6      | 5174 ||| PLANNING TEMPLE
  5182 | Temple   | Entered the Ecumenical Temple
  5183 | Temple   | 5183 ||| PLANNING OKAWARU WORSHIP
  5352 | Temple   | Became a worshipper of Warmaster Okawaru
  5353 | Temple   | 5353 ||| PLANNING D:1-11
  5404 | D:6      | Noticed a shadow
  5418 | D:6      | Slain by a shadow

Levels and vault maps discovered:
D:1:      dpeg_arrival_shelter, layout_basic, serial_park_tiny_2
D:2:      layout_rooms, dreamdust_wishing_well, minmay_divided_ellipse
D:3:      layout_loops_ring, nicolae_ru_the_path_less_chosen,
          mainiacjoe_overflow_large_starburst, chequers_arboretum
D:4:      layout_basic, hangedman_abyss_or_decor_stagger,
          kennysheep_pointless_box
D:5:      layout_loops_ring, serial_shops, shop
D:6:      layout_loops_corners, grunt_temple_overflow_order_and_chaos_2,
          lemuel_temple_firewalk_b, serial_shops, shop, nicolae_shop_fire_sale
          [nicolae_sub_dead_trees], uniq_duvessa
Temple:   nicolae_temple_bog_church

Skill      XL: |  1  2  3  4  5  6  7 |
---------------+----------------------+-----
Axes           | 2 3 4 5 6 7 |  7.2
Fighting       | 4 |  4.3
Dodging        | 1 |  1.7
Armour         | |  3.2
Shields        | |  3.2

Action                   |  1- 3 |  4- 6 |  7- 9 || total
-------------------------+-------+-------+-------++-------
Melee: War axe           |   108 |   163 |    42 ||   313
Throw: Boomerang         |     6 |       |       ||     6
  Use: Scroll            |     3 |     7 |     3 ||    13
       Potion            |       |     3 |     1 ||     4
 Stab: Paralysed         |       |     1 |       ||     1
Armor: Scale mail        |    64 |    88 |    20 ||   172
Dodge: Dodged            |    46 |    69 |    14 ||   129
Block: Buckler           |    34 |    21 |     5 ||    60

Table legend:
 A = Non-vault XP
 B = Vault XP
 C = Vault XP percentage of total XP
 D = Non-vault monster count
 E = Vault monster count
 F = Vault count percentage of total count
                 A         B        C        D         E       F
            +---------+---------+-------+---------+---------+-------
      Total |    1056 |      42 |   3.8 |      86 |      13 |  13.1
            +---------+---------+-------+---------+---------+-------
        D:1 |      39 |       0 |   0.0 |      25 |       0 |   0.0
        D:2 |      60 |      42 |  41.2 |      18 |      13 |  41.9
        D:3 |      39 |       0 |   0.0 |      20 |       0 |   0.0
        D:4 |     397 |       0 |   0.0 |      13 |       0 |   0.0
        D:5 |     521 |       0 |   0.0 |      10 |       0 |   0.0
            +---------+---------+-------+---------+---------+-------
